| TOP OF THE 1ST |
|
Minot Jets batting - Pitching for Bozeman Pheasants : RHP Dennis Howard
|
|
Pitching: RHP Dennis Howard
|
|
|
Batting: LHB Theodore Milner
|
0-0: Hit by Pitch
|
|
Batting: SHB Ken Kinnard
|
0-0: Ball 1-0: Called Strike Theodore Milner is caught stealing 2nd base 2-6 1-1: Ball 2-1: Foul Ball, location: 2F 2-2: Strikes out swinging
|
|
Batting: LHB Douglas Reibel
|
0-0: Ball 1-0: Called Strike 1-1: Ball 2-1: Ball 3-1: Base on Balls
|
|
Batting: RHB Troy Afenir
|
0-0: SINGLE (Line Drive, 5, EV 98.8 MPH) Douglas Reibel to second
|
|
Batting: RHB Brad Jones
|
0-0: Ball 1-0: Swinging Strike 1-1: Ball 2-1: Called Strike 2-2: Fielders Choice at 2nd, 6-4 (Groundball, 6, EV 83.8 MPH)
|
| Top of the 1st over - 0 runs, 1 hit, 0 errors, 2 left on base; Minot 0 - Bozeman 0 |
| BOTTOM OF THE 1ST |
|
Bozeman Pheasants batting - Pitching for Minot Jets : RHP Julio Molina
|
|
Pitching: RHP Julio Molina
|
|
|
Batting: RHB Willie Picchioni
|
0-0: Swinging Strike 0-1: Bunt for hit to 23 - play at first, batter OUT! 3-4
|
|
Batting: LHB Billy Fink
|
0-0: Called Strike 0-1: Ball 1-1: Ball 2-1: Ball 3-1: Base on Balls
|
|
Batting: LHB Billy Jo Robidoux
|
0-0: Called Strike 0-1: Ball 1-1: Ball Billy Fink steals 2nd base 2-1: Foul Ball, location: 2F 2-2: Ball 3-2: Foul Ball, location: 2F 3-2: Foul Ball, location: 2F 3-2: Fly out, F4 (Flyball, 34D, EV 95.6 MPH)
|
|
Batting: LHB David Nix
|
0-0: SINGLE (Groundball, 34D, EV 99.4 MPH) Billy Fink to third Runner from 3rd tries for Home, throw by RF and OUT! 9-2
|
| Bottom of the 1st over - 0 runs, 1 hit, 0 errors, 1 left on base; Minot 0 - Bozeman 0 |
| TOP OF THE 2ND |
|
Minot Jets batting - Pitching for Bozeman Pheasants : RHP Dennis Howard
|
|
Batting: SHB Howard Elwess
|
0-0: Ball 1-0: Ball 2-0: Ground out 5-3 (Groundball, 56S, EV 88.8 MPH)
|
|
Batting: RHB William Phillips
|
0-0: Ball 1-0: Ball 2-0: Foul Ball, location: 2F 2-1: Foul Ball, location: 2F 2-2: Ball 3-2: Foul Ball, location: 2F 3-2: Ground out 5-3 (Groundball, 56S, EV 91.3 MPH)
|
|
Batting: RHB Jesus Aybar
|
0-0: Ball 1-0: Called Strike 1-1: Ball 2-1: DOUBLE (Line Drive, 7LM, EV 106.9 MPH)
|
|
Batting: RHB Hugo Olivas
|
0-0: Ball 1-0: Called Strike 1-1: Fly out, F7 (Flyball, 7LM, EV 87.5 MPH)
|
| Top of the 2nd over - 0 runs, 1 hit, 0 errors, 1 left on base; Minot 0 - Bozeman 0 |
| BOTTOM OF THE 2ND |
|
Bozeman Pheasants batting - Pitching for Minot Jets : RHP Julio Molina
|
|
Batting: LHB Steve Padia
|
0-0: Called Strike 0-1: Ball 1-1: Ball 2-1: Ball 3-1: Base on Balls
|
|
Batting: RHB Tom Duggan
|
0-0: Called Strike 0-1: Ground out 4-3 (Groundball, 4MD, EV 96.3 MPH) Steve Padia to second
|
|
Batting: RHB Greg Toler
|
0-0: Foul Ball, location: 2F 0-1: Foul Ball, location: 2F 0-2: Ball 1-2: Ground out 4-3 (Groundball, 4, EV 89.4 MPH) Steve Padia to third
|
|
Batting: RHB John Duncan
|
0-0: Called Strike 0-1: Fly out, F8 (Flyball, 89M, EV 94.4 MPH)
|
| Bottom of the 2nd over - 0 runs, 0 hits, 0 errors, 1 left on base; Minot 0 - Bozeman 0 |
| TOP OF THE 3RD |
|
Minot Jets batting - Pitching for Bozeman Pheasants : RHP Dennis Howard
|
|
Batting: LHB Theodore Milner
|
0-0: Foul Ball, location: 2F 0-1: Ball 1-1: Ball 2-1: Ball 3-1: Base on Balls
|
|
Batting: SHB Ken Kinnard
|
0-0: Ball 1-0: Swinging Strike 1-1: Ball 2-1: Swinging Strike 2-2: Ball 3-2: Base on Balls Theodore Milner to second
|
|
Batting: LHB Douglas Reibel
|
0-0: Ball 1-0: Ball 2-0: Called Strike 2-1: SINGLE (Line Drive, 7S, EV 88.8 MPH) Theodore Milner to third Ken Kinnard to second Runner from 3rd tries for Home, SAFE, throw by LF to home
|
|
Batting: RHB Troy Afenir
|
0-0: Ball 1-0: Ball 2-0: Ball 3-0: Called Strike 3-1: Fly out, F9 (Flyball, 9, EV 90.0 MPH)
|
|
Batting: RHB Brad Jones
|
0-0: Called Strike 0-1: SINGLE (Flyball, 5D, EV 101.3 MPH) Ken Kinnard to third Douglas Reibel to second Runner from 3rd tries for Home, SAFE, throw by LF to home Douglas Reibel to third Brad Jones to second
|
|
Batting: SHB Howard Elwess
|
0-0: Ball 1-0: Ball 2-0: Ball 3-0: Base on Balls
|
|
Batting: RHB William Phillips
|
0-0: Fielders Choice at 2nd, 3-6 (Groundball, 34, EV 80.0 MPH) Douglas Reibel scores Brad Jones to third
|
|
Batting: RHB Jesus Aybar
|
0-0: Called Strike 0-1: Ball 1-1: SINGLE (Groundball, 56, EV 110.0 MPH) Brad Jones scores William Phillips to second Runner from 2nd tries for 3rd, SAFE, no throw by LF
|
|
Batting: RHB Hugo Olivas
|
0-0: Ball 1-0: Called Strike 1-1: Fly out, F9 (Line Drive, 9, EV 91.3 MPH)
|
| Top of the 3rd over - 4 runs, 3 hits, 0 errors, 2 left on base; Minot 4 - Bozeman 0 |
| BOTTOM OF THE 3RD |
|
Bozeman Pheasants batting - Pitching for Minot Jets : RHP Julio Molina
|
|
Batting: RHB Tom Wiedenbauer
|
0-0: Ball 1-0: Ball 2-0: Fly out, F8 (Line Drive, 8LD, EV 103.1 MPH)
|
|
Batting: RHB Willie Picchioni
|
0-0: Ball 1-0: Foul Ball, location: 2F 1-1: Swinging Strike 1-2: Ball 2-2: Foul Ball, location: 2F 2-2: Ground out 5-3 (Groundball, 5S, EV 75.6 MPH)
|
|
Batting: LHB Billy Fink
|
0-0: Foul Ball, location: 2F 0-1: Ball 1-1: Swinging Strike 1-2: Hit by Pitch
|
|
Batting: LHB Billy Jo Robidoux
|
0-0: Called Strike Billy Fink is caught stealing 2nd base 2-6
|
| Bottom of the 3rd over - 0 runs, 0 hits, 0 errors, 0 left on base; Minot 4 - Bozeman 0 |
| TOP OF THE 4TH |
|
Minot Jets batting - Pitching for Bozeman Pheasants : RHP Dennis Howard
|
|
Batting: LHB Theodore Milner
|
0-0: Fly out, F8 (Flyball, 8RD, EV 84.4 MPH)
|
|
Batting: SHB Ken Kinnard
|
0-0: SINGLE (Groundball, 4MD, EV 106.3 MPH)
|
|
Batting: LHB Douglas Reibel
|
0-0: Ball 1-0: Called Strike Ken Kinnard steals 2nd, throwing error, E2 Ken Kinnard to third 1-1: Ball 2-1: Ball 3-1: Fly out, F7 (Line Drive, 7, EV 86.9 MPH)
|
|
Batting: RHB Troy Afenir
|
0-0: Ball 1-0: Called Strike 1-1: Foul Ball, location: 2F 1-2: Foul Ball, location: 2F 1-2: Foul Ball, location: 2F 1-2: Ground out 6-3 (Groundball, 6, EV 103.8 MPH)
|
| Top of the 4th over - 0 runs, 1 hit, 1 error, 1 left on base; Minot 4 - Bozeman 0 |
| BOTTOM OF THE 4TH |
|
Bozeman Pheasants batting - Pitching for Minot Jets : RHP Julio Molina
|
|
Batting: LHB Billy Jo Robidoux
|
0-0: Foul Ball, location: 2F 0-1: Swinging Strike 0-2: Ball 1-2: Fly out, F8 (Line Drive, 8RM, EV 98.1 MPH)
|
|
Batting: LHB David Nix
|
0-0: Fly out, F7 (Line Drive, 7, EV 110.0 MPH)
|
|
Batting: LHB Steve Padia
|
0-0: SINGLE (Groundball, 4MD, EV 103.1 MPH)
|
|
Batting: RHB Tom Duggan
|
0-0: Foul Ball, location: 2F 0-1: Ball 1-1: Ball 2-1: Ball 3-1: Base on Balls Steve Padia to second
|
|
Batting: RHB Greg Toler
|
0-0: Foul Ball, location: 2F 0-1: Foul Ball, location: 2F 0-2: Ball 1-2: Fielders Choice at 2nd, U4 (Groundball, 4M, EV 85.6 MPH)
|
| Bottom of the 4th over - 0 runs, 1 hit, 0 errors, 2 left on base; Minot 4 - Bozeman 0 |
| TOP OF THE 5TH |
|
Minot Jets batting - Pitching for Bozeman Pheasants : RHP Dennis Howard
|
|
Batting: RHB Brad Jones
|
0-0: Called Strike 0-1: Ball 1-1: Swinging Strike 1-2: Strikes out swinging
|
|
Batting: SHB Howard Elwess
|
0-0: Called Strike 0-1: Ball 1-1: Ball 2-1: Foul Ball, location: 2F 2-2: Strikes out swinging
|
|
Batting: RHB William Phillips
|
0-0: Ball 1-0: Called Strike 1-1: Swinging Strike 1-2: Fly out, F7 (Flyball, 7S, EV 75.0 MPH)
|
| Top of the 5th over - 0 runs, 0 hits, 0 errors, 0 left on base; Minot 4 - Bozeman 0 |
| BOTTOM OF THE 5TH |
|
Bozeman Pheasants batting - Pitching for Minot Jets : RHP Julio Molina
|
|
Batting: RHB John Duncan
|
0-0: Ball 1-0: Called Strike 1-1: Swinging Strike 1-2: Ball 2-2: Strikes out looking
|
|
Batting: RHB Tom Wiedenbauer
|
0-0: Called Strike 0-1: Foul Ball, location: 2F 0-2: Strikes out looking
|
|
Batting: RHB Willie Picchioni
|
0-0: Ground out 6-3 (Groundball, 6, EV 85.0 MPH)
|
| Bottom of the 5th over - 0 runs, 0 hits, 0 errors, 0 left on base; Minot 4 - Bozeman 0 |
| TOP OF THE 6TH |
|
Minot Jets batting - Pitching for Bozeman Pheasants : RHP Dennis Howard
|
|
Batting: RHB Jesus Aybar
|
0-0: Ball 1-0: Called Strike 1-1: Ball 2-1: Called Strike 2-2: Strikes out swinging
|
|
Batting: RHB Hugo Olivas
|
0-0: Fly out, F8 (Flyball, 8RM, EV 86.9 MPH)
|
|
Batting: LHB Theodore Milner
|
0-0: Called Strike 0-1: Called Strike 0-2: Ball 1-2: Strikes out looking
|
| Top of the 6th over - 0 runs, 0 hits, 0 errors, 0 left on base; Minot 4 - Bozeman 0 |
| BOTTOM OF THE 6TH |
|
Bozeman Pheasants batting - Pitching for Minot Jets : RHP Julio Molina
|
|
Batting: LHB Billy Fink
|
0-0: Ball 1-0: Ground out 4-3 (Groundball, 34, EV 81.3 MPH)
|
|
Batting: LHB Billy Jo Robidoux
|
0-0: SINGLE (Groundball, 34D, EV 108.1 MPH)
|
|
Batting: LHB David Nix
|
0-0: Called Strike 0-1: Called Strike 0-2: Ball 1-2: Fly out, F8 (Flyball, 8RD, EV 83.1 MPH)
|
|
Batting: LHB Steve Padia
|
0-0: Fielders Choice at 2nd, 5-4 (Groundball, 5D, EV 109.4 MPH)
|
| Bottom of the 6th over - 0 runs, 1 hit, 0 errors, 1 left on base; Minot 4 - Bozeman 0 |
| TOP OF THE 7TH |
|
Minot Jets batting - Pitching for Bozeman Pheasants : RHP Dennis Howard
|
|
Batting: SHB Ken Kinnard
|
0-0: Ball 1-0: Ball 2-0: Foul Ball, location: 2F 2-1: Ground out 6-3 (Groundball, 6, EV 85.0 MPH)
|
|
Batting: LHB Douglas Reibel
|
0-0: Foul Ball, location: 2F 0-1: Ball 1-1: Fly out, F7 (Flyball, 7, EV 95.6 MPH)
|
|
Batting: RHB Troy Afenir
|
0-0: Called Strike 0-1: Ball 1-1: Foul Ball, location: 2F 1-2: Ball 2-2: Strikes out swinging
|
| Top of the 7th over - 0 runs, 0 hits, 0 errors, 0 left on base; Minot 4 - Bozeman 0 |
| BOTTOM OF THE 7TH |
|
Bozeman Pheasants batting - Pitching for Minot Jets : RHP Julio Molina
|
|
Batting: RHB Tom Duggan
|
0-0: Ball 1-0: Ground out 5-3 (Groundball, 5, EV 90.0 MPH)
|
|
Batting: RHB Greg Toler
|
0-0: Ball 1-0: Fly out, F8 (Flyball, 78M, EV 86.9 MPH)
|
|
Batting: RHB John Duncan
|
0-0: SINGLE (Line Drive, 4MD, EV 97.5 MPH)
|
|
Batting: RHB Tom Wiedenbauer
|
0-0: Ball 1-0: DOUBLE (Line Drive, 9LM, EV 101.9 MPH) John Duncan to third Runner from 3rd tries for Home, SAFE, throw by RF to trailing runner, SAFE at third!
|
|
Batting: RHB Willie Picchioni
|
0-0: Ball 1-0: Ball 2-0: SINGLE (Line Drive, 7S, EV 95.6 MPH) Tom Wiedenbauer scores
|
|
Batting: LHB Billy Fink
|
0-0: Ball Pickoff Throw to First - Error! E1 Willie Picchioni to second 1-0: Called Strike 1-1: Ball 2-1: Ball 3-1: Fly out, F8 (Flyball, 78D, EV 103.1 MPH)
|
| Bottom of the 7th over - 2 runs, 3 hits, 1 error, 1 left on base; Minot 4 - Bozeman 2 |
| TOP OF THE 8TH |
|
Minot Jets batting - Pitching for Bozeman Pheasants : RHP Dennis Howard
|
|
Batting: RHB Brad Jones
|
0-0: Ball 1-0: DOUBLE (Line Drive, 7LD, EV 101.9 MPH)
|
|
Batting: SHB Howard Elwess
|
0-0: Intentional Walk
|
|
Batting: RHB William Phillips
|
0-0: Called Strike 0-1: Ball 1-1: Foul Ball, location: 2F 1-2: Ball 2-2: Ball 3-2: Fly out, F9 (Flyball, 9LM, EV 81.3 MPH) Runner from 2nd tags up, SAFE at 3rd, no throw by RF
|
|
Batting: RHB Jesus Aybar
|
0-0: Ball 1-0: Ball 2-0: Called Strike 2-1: Swinging Strike 2-2: Strikes out swinging
|
|
Batting: RHB Hugo Olivas
|
0-0: Ball 1-0: Fly out, F7 (Flyball, 78S, EV 88.1 MPH)
|
| Top of the 8th over - 0 runs, 1 hit, 0 errors, 2 left on base; Minot 4 - Bozeman 2 |
| BOTTOM OF THE 8TH |
|
Bozeman Pheasants batting - Pitching for Minot Jets : RHP Julio Molina
|
|
Batting: LHB Billy Jo Robidoux
|
0-0: Foul Ball, location: 2F 0-1: Called Strike 0-2: Ground out 1-3 (Groundball, 13S, EV 66.3 MPH)
|
|
Batting: LHB David Nix
|
0-0: SINGLE (Line Drive, 7S, EV 105.0 MPH)
|
|
Batting: LHB Steve Padia
|
0-0: Called Strike 0-1: Ball 1-1: Grounds into double play, 4-6-3 (Groundball, 4S, EV 88.8 MPH)
|
| Bottom of the 8th over - 0 runs, 1 hit, 0 errors, 0 left on base; Minot 4 - Bozeman 2 |
| TOP OF THE 9TH |
|
Minot Jets batting - Pitching for Bozeman Pheasants : RHP Dennis Howard
|
|
Batting: LHB Theodore Milner
|
0-0: Ground out 6-3 (Groundball, 4MS, EV 86.3 MPH)
|
|
Batting: SHB Ken Kinnard
|
0-0: SINGLE (Groundball, 25, EV 66.9 MPH) (infield hit)
|
|
Batting: LHB Douglas Reibel
|
0-0: Ball 1-0: Called Strike 1-1: Ball 2-1: Foul Ball, location: 2F 2-2: Ball 3-2: SINGLE (Line Drive, 7S, EV 90.0 MPH) Ken Kinnard to second Ken Kinnard to third
|
|
Batting: RHB Troy Afenir
|
0-0: Ball 1-0: Called Strike 1-1: Called Strike 1-2: Fly out, F3 (Popup, 34S, EV 75.0 MPH)
|
|
Batting: RHB Brad Jones
|
0-0: Ball 1-0: Foul Ball, location: 2F 1-1: Fly out, F8 (Flyball, 8LD, EV 91.3 MPH)
|
| Top of the 9th over - 0 runs, 2 hits, 0 errors, 2 left on base; Minot 4 - Bozeman 2 |
| BOTTOM OF THE 9TH |
|
Bozeman Pheasants batting - Pitching for Minot Jets : RHP Julio Molina
|
|
Pitching: RHP Danny Ontiveros
|
|
|
Batting: RHB Tom Duggan
|
0-0: Called Strike 0-1: Ball 1-1: Ball 2-1: Called Strike 2-2: Foul Ball, location: 2F 2-2: Strikes out swinging
|
|
Batting: RHB Greg Toler
|
0-0: Ball 1-0: Swinging Strike 1-1: Called Strike 1-2: Ground out 6-3 (Groundball, 6S, EV 87.5 MPH)
|
|
Batting: RHB John Duncan
|
0-0: Ball 1-0: Called Strike 1-1: Ball 2-1: SINGLE (Groundball, 6MD, EV 102.5 MPH)
|
|
Pinch Hitting: SHB Marlin Methven
|
0-0: Called Strike 0-1: Called Strike 0-2: Ball 1-2: Foul Ball, location: 2F 1-2: Ball 2-2: Ball 3-2: Base on Balls John Duncan to second
|
|
Pinch Hitting: LHB Ronald Kelly
|
0-0: Ball 1-0: Ball 2-0: Ball 3-0: Called Strike 3-1: Base on Balls John Duncan to third Marlin Methven to second
|
|
Batting: LHB Billy Fink
|
0-0: Ball 1-0: Swinging Strike 1-1: Swinging Strike 1-2: Fly out, F8 (Flyball, 78D, EV 104.4 MPH)
|
| Bottom of the 9th over - 0 runs, 1 hit, 0 errors, 3 left on base; Minot 4 - Bozeman 2 |
|